 Dungeon Crawl Stone Soup version 0.29.1-15-g9cfb28693d (webtiles) character file.

Game seed: 8356475245897513206

116 protoss039 the Digger (level 4, 0/33 HPs)
             Began as a Demonspawn Earth Elementalist on Mar 13, 2023.
             Slain by Menkaure (6 damage)
             ... on level 4 of the Dungeon.
             The game lasted 00:02:58 (2855 turns).

protoss039 the Digger (DsEE)                        Turns: 2855, Time: 00:02:59

Health: 0/33       AC: 10    Str:  8    XL:     4   Next: 69%
Magic:  7/8        EV:  9    Int: 18    God:
Gold:   216        SH:  7    Dex: 14    Spells: 2/8 levels left

rFire   . . .      SeeInvis .   d - +2 hand axe (venom)
rCold   . . .      Faith    .   p - +0 buckler
rNeg    . . .      Spirit   .   q - quicksilver dragon scales
rPois   .          Reflect  .   (no helmet)
rElec   .          Harm     .   e - +0 cloak
rCorr   .          Rampage  .   (no gloves)
Will    +....                   (no boots)
Stlth   +.........              (no amulet)
HPRegen 0.11/turn               (no ring)
MPRegen 0.22/turn               (no ring)

@: about to teleport
A: large bone plates 1, powered by death 1, magic regeneration
a: no special abilities


You were on level 4 of the Dungeon.
You visited 1 branch of the dungeon, and saw 4 of its levels.

You collected 216 gold pieces.

Inventory:

Hand Weapons
 d - a +2 hand axe of venom (weapon)
Armour
 e - a +0 cloak (worn)
 p - a +0 buckler (worn)
 q - quicksilver dragon scales (worn)
Wands
 n - a wand of iceblast (8)
Scrolls
 a - a scroll of enchant armour {unknown}
 f - 2 scrolls of identify {unknown}
 k - a scroll of magic mapping {unknown}
 l - a scroll of immolation {unknown}
 o - a scroll of vulnerability {unknown}
 s - 2 scrolls of teleportation
 t - a scroll of butterflies {unknown}
 v - a scroll of poison {unknown}
Potions
 b - a potion of magic
 c - 3 potions of haste
 g - a potion of berserk rage {unknown}
 h - 6 potions of curing {unknown}
 i - 3 potions of heal wounds {unknown}
 j - 2 potions of might {unknown}
 m - a potion of mutation {unknown}
 r - a potion of ambrosia {unknown}
 u - 2 potions of resistance {unknown}
 w - a potion of lignification {unknown}


   Skills:
 + Level 2.0 Fighting
 * Level 1.3 Armour
 - Level 1.7 Dodging
 - Level 1.7 Stealth
 + Level 2.8 Spellcasting
 + Level 0.9 Conjurations
 - Level 0.8 Transmutations
 + Level 3.3 Earth Magic


You had 2 spell levels left.
You knew the following spells:

 Your Spells              Type           Power      Damage    Failure   Level
a - Sandblast             Erth           28%        2d8       17%         1
b - Passwall              Tmut/Erth      8%         N/A       41%         2
c - Stone Arrow           Conj/Erth      20%        3d8       65%         3

Your spell library contained the following spells:

 Spells                   Type           Power      Damage    Failure   Level
 Petrify                  Tmut/Erth      10%        N/A       96%         4


Dungeon Overview and Level Annotations

Branches:
Dungeon (4/15) Zot: 21098
 Temple: D:4-7

Altars:

Annotations:
D:4 Menkaure


Innate Abilities, Weirdness & Mutations

You are partially covered in large bone plates. (SH +4)
You regenerate a little health from kills.
You regenerate magic rapidly.


Message History

You now have 216 gold pieces (gained 5).
s - 3 scrolls labelled ROFFU ENAES (gained 1) Menkaure, Prince of Dust comes into view.
Found a leather armour.
Menkaure gestures wildly while chanting.
Menkaure seems to speed up.
Menkaure completely misses you.
Menkaure is nearby!
Menkaure is nearby!
You hit Menkaure.
Menkaure is lightly damaged.
Menkaure hits you!
Ouch! That really hurt!
Menkaure barely misses you.
Unknown command.
Unknown command.
Casting: Sandblast (safe; 17% risk of failure)
Confirm with . or Enter, or press ? or * to list all spells.
Aiming: Sandblast (safe; 17% risk of failure)
Press: ? - help, Shift-Dir - straight line, f - Menkaure
Aim: Menkaure (lightly damaged, fast, 91% to hit)
Okay, then.
Okay, then.
Press: ? - help, v - describe, . - travel
Here: Menkaure (lightly damaged, fast)
The floor.
As you read the scroll labelled ROFFU ENAES, it crumbles to dust.
You feel strangely unstable.
It was a scroll of teleportation.
Menkaure hits you!
* * * LOW HITPOINT WARNING * * *
Unknown command.
Casting: Sandblast (safe; 17% risk of failure)
Confirm with . or Enter, or press ? or * to list all spells.
Aiming: Sandblast (safe; 17% risk of failure)
Press: ? - help, Shift-Dir - straight line, f - Menkaure
Aim: Menkaure (lightly damaged, fast, 91% to hit)
The blast of sand hits Menkaure.
Menkaure is moderately damaged.
Menkaure closely misses you. Menkaure hits you.
You die...

......#..##......###..#
......#................
...... ####......###..#
......#.####....#.....#
#.....##...#..........
..........###.#...>##
#..##...###.##.#.#
#...........##.#.#
##@###.#######.#.# #M#
#.# #.#.# #[# #.# #.#.#
#.# #.# #.#.# #.# #.#
#.#.## ... ..# #.#.#.
..# ### #.#... ###
#.###. #.##..


You could see Menkaure (fast).

Vanquished Creatures
  An orc wizard (D:3)
  3 adders
  A worm (D:2)
  4 orcs (D:3)
  7 ball pythons
  5 endoplasms
  3 giant cockroaches
  4 goblins
  5 hobgoblins
  6 kobolds
  4 quokkas
  6 bats
  2 frilled lizards (D:3)
  A rat (D:1)
52 creatures vanquished.

Notes
Turn   | Place    | Note
-------+----------+-------------------------------------------
     0 | D:1      | protoss039 the Demonspawn Earth Elementalist began the
                  | quest for the Orb.
     0 | D:1      | Reached XP level 1. HP: 13/13 MP: 3/3
   443 | D:1      | Found a faded altar of an unknown god.
   520 | D:1      | Gained mutation: You regenerate a little health from kills.
                  | [demonic ancestry]
   520 | D:1      | Reached XP level 2. HP: 15/20 MP: 5/5
   738 | D:1      | Learned a level 2 spell: Passwall
   817 | D:1      | Reached skill level 1 in Fighting
   859 | D:1      | Reached skill level 3 in Earth Magic
  1338 | D:2      | Gained mutation: You are partially covered in large bone
                  | plates. (SH +4) [demonic ancestry]
  1338 | D:2      | Reached XP level 3. HP: 26/26 MP: 6/6
  1972 | D:2      | Learned a level 3 spell: Stone Arrow
  2176 | D:3      | Gained mutation: You regenerate magic rapidly. [demonic
                  | ancestry]
  2176 | D:3      | Reached XP level 4. HP: 33/33 MP: 8/8
  2182 | D:3      | Reached skill level 1 in Armour
  2851 | D:4      | Noticed Menkaure
  2855 | D:4      | Slain by Menkaure

Illustrated notes

Levels and vault maps discovered:
D:1:      matt_arrival_refuge, layout_basic, ebering_ecumenical_altar_webs,
          minmay_tetromino_l2
D:2:      layout_basic
D:3:      layout_loops_ring
D:4:      layout_loops_ring, good_gods_temple_1, dreamdust_princess_corridor,
          uniq_menkaure, uniq_ijyb, uniq_grinder

Skill      XL: |  1  2  3  4 |
---------------+-------------+-----
Fighting       | 1 2 |  2.0
Earth Magic    | 3 |  3.3
Armour         | 1 |  1.3
Dodging        | |  1.7
Stealth        | |  1.7
Spellcasting   | |  2.8
Conjurations   | |  0.9
Transmutations | |  0.8

Action                   |  1- 3 |  4- 6 || total
-------------------------+-------+-------++-------
Melee: Hand axe          |    97 |    39 ||   136
       Unarmed           |     2 |       ||     2
 Cast: Sandblast         |     6 |     1 ||     7
  Use: Scroll            |       |     1 ||     1
 Stab: Sleeping          |     6 |       ||     6
Armor: Robe              |    13 |       ||    13
       Leather armour    |    11 |       ||    11
       Quicksilver drago |    14 |    12 ||    26
Dodge: Dodged            |    60 |    15 ||    75
Block: Other             |     9 |       ||     9
       Buckler           |     8 |    15 ||    23
